Map: Solaris LE

Players

demzi - Winner!

  • Race: Zerg Zerg
  • League: Silver
  • Spawn Location: 1:00

Kaltorak

  • Race: Zerg Zerg
  • League: Silver
  • Spawn Location: 7:00

VOD

Have the link to the VOD?

Description

Time

  • Played on: March 21, 2024, 11:13 a.m.
  • Length: 14:28
Show
View Real Time Build Order
Export as new Build Order

demzi Zerg - Winner!

Build Orders: Hatch First 

Get SALT Encoding   

  12  0:00  Drone  
  13  0:13  Overlord  
  13  0:23  Drone  
  14  0:31  Drone x2  
  16  0:49  Hatchery  
  15  0:53  Drone  
  15  0:56  Drone  
  17  0:59  Drone  
  18  1:11  Extractor  
  18  1:16  Spawning Pool  
  16  1:22  Drone  
  16  1:23  Drone  
  18  1:28  Drone  
  19  1:39  Drone  
  20  1:50  Overlord  
  20  2:07  Queen x2  
  20  2:08  Zergling x4  
  26  2:15  Drone  
  26  2:16  Drone  
  26  2:22  Overlord  
  28  2:24  Drone  
  29  2:39  Drone x2  
  31  2:55  Queen  
  31  2:56  Drone  
  31  2:57  Drone x3  
  36  3:02  Evolution Chamber  
  35  3:06  Evolution Chamber  
  35  3:08  Drone x2  
  35  3:09  Roach Warren  
  35  3:18  Spine Crawler  
  34  3:23  Overlord x2  
  34  3:27  Drone x2  
  34  3:29  Drone  
  34  3:31  Drone x3  
  40  3:40  Drone x2  
  46  3:52  Overlord x2  
  42  4:00  Extractor  
  42  4:01  Drone x3  
  42  4:02  Drone, Extractor  
  45  4:09  Lair  
  44  4:14  Overlord  
  44  4:15  Overlord  
  44  4:27  Drone x3  
  44  4:29  Drone x2  
  49  4:34  Zerg Missile Weapons Level 1  
  49  4:41  Overlord x3, Hatchery  
  48  4:46  Drone  
  48  4:47  Drone x2, Extractor  
  48  4:48  Drone  
  51  4:56  Zerg Ground Armor Level 1  
  51  5:07  Glial Reconstitution  
  51  5:14  Roach x2  
  51  5:17  Roach  
  51  5:19  Roach  
  61  5:21  Roach  
  61  5:23  Roach  
  61  5:26  Roach  
  65  5:31  Roach x2  
  65  5:33  Roach  
  71  5:45  Roach x5  
  71  5:47  Roach  
  83  5:58  Drone x2  
  83  5:59  Drone  
  86  6:06  Roach x4  
  86  6:08  Roach x3  
  86  6:09  Roach  
  104  6:11  Roach  
  104  6:16  Drone x2  
  106  6:19  Overlord  
  106  6:40  Drone x9  
  106  6:41  Drone x3  
  117  7:09  Roach x2  
  117  7:11  Overlord x2  
  117  7:12  Overlord x6  
  109  7:28  Roach  
  109  7:29  Roach x9  
  93  7:55  Roach  
  93  7:56  Roach x10  
  111  8:16  Spire  
  111  8:18  Roach x8  
  114  8:32  Roach  
  114  8:33  Roach x7  
  117  8:40  Queen  
  93  8:57  Roach x9  
  76  9:23  Ravager  
  75  9:28  Mutalisk x7  
  79  9:39  Queen  
  79  9:44  Roach x3  
  79  9:45  Roach x4  
  95  9:47  Zergling x4  
  97  9:54  Hatchery  
  95  10:09  Roach  
  95  10:10  Roach x5  
  96  10:22  Mutalisk x2  
  100  10:29  Ravager  
  100  10:31  Drone x3  
  100  10:32  Drone x3  
  107  10:35  Extractor  
  107  10:36  Extractor  
  87  11:01  Mutalisk x4  
  89  11:04  Zergling x2  
  89  11:05  Zergling x16  
  87  11:32  Roach  
  75  11:33  Roach x9  
  92  11:45  Mutalisk  
  92  11:46  Mutalisk  
  86  12:07  Mutalisk x2  
  90  12:11  Ravager  
  91  12:27  Queen  
  91  12:29  Queen  
  95  12:30  Drone x12  
  103  13:01  Mutalisk x2  
  103  13:02  Mutalisk x3  
  82  13:43  Mutalisk x2  
  82  13:44  Mutalisk x3  
Show
View Real Time Build Order
Export as new Build Order

Kaltorak Zerg 

Build Orders: Hatch First 

Get SALT Encoding   

  12  0:00  Drone  
  13  0:12  Overlord  
  13  0:18  Drone  
  14  0:30  Drone  
  14  0:31  Drone  
  14  0:34  Drone  
  17  0:56  Hatchery  
  16  0:59  Drone  
  17  1:05  Drone  
  18  1:13  Extractor  
  17  1:18  Spawning Pool  
  17  1:20  Drone  
  17  1:24  Drone  
  18  1:30  Drone  
  19  1:39  Overlord  
  19  2:06  Queen  
  19  2:07  Queen  
  23  2:09  Zergling x4  
  23  2:12  Drone x2  
  27  2:22  Drone x2  
  29  2:29  Drone  
  30  2:40  Drone  
  30  2:44  Queen  
  31  2:45  Drone  
  31  2:46  Drone  
  35  2:52  Overlord  
  35  2:59  Drone  
  35  3:03  Overlord  
  36  3:21  Overlord  
  36  3:25  Drone x3  
  39  3:31  Zergling x10  
  44  3:36  Overlord x2  
  44  3:40  Hatchery  
  43  3:52  Drone x3  
  43  3:55  Drone  
  47  4:03  Drone  
  47  4:05  Drone  
  49  4:12  Overlord x2  
  49  4:15  Drone  
  49  4:16  Drone x4  
  54  4:19  Extractor  
  54  4:21  Baneling Nest  
  54  4:22  Drone  
  53  4:24  Drone  
  53  4:29  Metabolic Boost  
  54  4:32  Lair  
  54  4:39  Drone x2  
  54  4:40  Evolution Chamber  
  54  4:41  Evolution Chamber  
  54  4:58  Zergling x12  
  60  5:07  Hatchery  
  60  5:08  Drone  
  60  5:09  Drone  
  60  5:12  Hatchery  
  60  5:18  Drone x2  
  60  5:19  Drone x8  
  70  5:26  Zerg Melee Weapons Level 1, Zerg Ground Armor Level 1  
  70  5:39  Spore Crawler  
  70  5:40  Zergling x2  
  70  5:41  Zergling x10  
  75  5:43  Drone  
  76  5:51  Centrifugal Hooks  
  76  5:52  Zergling x2  
  76  5:53  Zergling x4  
  79  6:00  Queen x3  
  79  6:02  Zergling x4  
  87  6:28  Zergling x2  
  87  6:29  Zergling x28  
  101  6:40  Overlord  
  101  6:41  Overlord x4  
  101  6:56  Zergling x2  
  101  7:01  Baneling x13  
  102  7:02  Baneling x11  
  102  7:03  Zergling x14  
  102  7:04  Zergling x6  
  100  7:15  Zergling x8  
  87  7:26  Zergling x8  
  79  7:37  Zergling x2  
  79  7:38  Zergling x10  
  79  7:52  Zergling x8  
  79  7:53  Zergling x8  
  83  7:58  Hatchery  
  83  8:02  Hatchery  
  78  8:12  Zergling x6  
  80  8:13  Zergling x10  
  82  8:21  Zergling x2  
  82  8:22  Zergling x4  
  82  8:27  Drone x3  
  80  8:33  Zergling x4  
  75  8:48  Zergling x12  
  75  8:51  Zerg Melee Weapons Level 2  
  75  8:52  Zerg Ground Armor Level 2  
  61  9:04  Zergling x10  
  60  9:10  Zergling x2  
  60  9:11  Zergling x6  
  60  9:25  Zergling x14  
  60  9:30  Drone x2  
  64  9:36  Zergling x10  
  64  9:48  Zergling x2  
  64  9:49  Zergling x12  
  64  9:52  Baneling x11  
  71  9:57  Drone  
  71  9:58  Drone x2  
  55  10:25  Zergling x32  
  65  10:33  Zergling x4  
  67  10:38  Queen  
  67  10:54  Zergling x14  
  67  10:55  Zergling x10  
  67  11:04  Zergling x12  
  64  11:11  Spine Crawler  
  61  11:18  Spine Crawler  
  61  11:22  Spore Crawler  
  57  11:27  Spore Crawler x2  
  53  11:35  Zergling x14  
  55  11:49  Zergling x2  
  55  11:50  Zergling x8  
  44  12:07  Zergling x12  
  45  12:13  Drone x2  
  45  12:14  Drone  
  47  12:19  Zergling x4  
  49  12:32  Spore Crawler  
  42  12:38  Zergling x10  
  47  12:47  Drone  
  47  12:48  Drone x2  
  49  12:58  Zergling x8  
  42  13:17  Zergling x2  
  42  13:18  Zergling x6  
  39  13:30  Zergling x6  
  26  13:41  Extractor  
  26  13:44  Zergling x6  
  24  14:06  Spire  
Tags
 
Matchup
ZvZ
Race
Zerg
Replay Pack
Multiplayer
Spawn Locations
Cross Positions
Add a new tag
Caveats
  • Supply blocks, unpowered buildings, or Contaminate may cause inaccurate times.
  • Supply counts are checked every 10 seconds.